 Dungeon Crawl Stone Soup version 0.20.1-1-g8b1a95d (webtiles) character file.

8642 galech the Grappler (level 11, -1/101 HPs)
             Began as a Troll Monk on Aug 22, 2017.
             Was a High Priest of Okawaru.
             Slain by a cyan ugly thing (13 damage)
             ... on level 11 of the Dungeon.
             The game lasted 00:32:47 (10726 turns).

galech the Grappler (Troll Monk)                   Turns: 10726, Time: 00:32:47

Health: -1/101     AC:  5    Str: 24    XL:     11   Next: 12%
Magic:  10/10      EV: 14    Int:  6    God:    Okawaru [*****.]
Gold:   445        SH:  0    Dex: 18    Spells: 10/10 levels left

rFire    . . .     SeeInvis .     - Unarmed
rCold    . . .     Gourm    +   (no shield)
rNeg     . . .     Faith    +   a - +0 robe
rPois    .         Spirit   .   (helmet restricted)
rElec    .         Reflect  .   (no cloak)
rCorr    .         Harm     .   (gloves unavailable)
MR       .....                  (boots unavailable)
Stlth    +++.......             H - amulet of faith
Regen    0.7/turn               s - +3 ring of dexterity
MPRegen  0.2/turn               O - +3 ring of dexterity

@: studying Axes
A: unfitting armour, claws 3, fast metabolism 3, gourmand, regeneration 1,
shaggy fur 1, tough skin 2
a: Heroism, Finesse, Renounce Religion


You were on level 11 of the Dungeon.
You worshipped Okawaru.
Okawaru was extremely pleased with you.
You were not hungry.

You visited 2 branches of the dungeon, and saw 13 of its levels.
You also visited: Labyrinth and Sewer.

You collected 445 gold pieces.

Inventory:

Hand Weapons
 x - the +9 flail "Joifucs" {distort, +Blink rElec Str+4}
   (You found it on level 7 of the Dungeon)

   It warps and distorts space around it.
   Unwielding it can cause banishment or high damage.
   It affects your strength (+4).
   It insulates you from electricity.
   It lets you blink.
Armour
 a - a +0 robe (worn)
Jewellery
 c - a +3 ring of intelligence
 s - a +3 ring of dexterity (left claw)
 u - an uncursed ring of positive energy
 H - an amulet of faith (around neck)
 J - an uncursed ring of magical power
 N - a cursed ring of positive energy
 O - a +3 ring of dexterity (right claw)
Wands
 z - a wand of lightning (7/15)
 F - a wand of enslavement (17/24)
 I - a wand of digging (10/24)
 M - a wand of flame (18/48)
Scrolls
 e - 4 scrolls of teleportation
 f - 2 scrolls of enchant armour
 g - 2 scrolls of amnesia
 i - 2 scrolls of immolation
 k - 3 scrolls of magic mapping
 n - 3 scrolls of fear
 p - a scroll of fog
 t - a scroll of blinking
 v - a scroll of random uselessness
 y - 3 scrolls of enchant weapon
 B - 2 scrolls of remove curse
 G - a scroll of recharging {unknown}
Potions
 d - 7 potions of heal wounds {unknown}
 j - a potion of flight
 m - 2 potions of curing
 r - 2 potions of agility {unknown}
 w - a potion of might {unknown}
 A - 4 potions of brilliance {unknown}
 C - a potion of degeneration {unknown}
 D - a potion of haste {unknown}
 E - 2 potions of berserk rage {unknown}
 K - a potion of cancellation
 Q - a potion of mutation {unknown}
Books
 l - a book of Minor Magic

   Spells                             Type                      Level
   a - Magic Dart                     Conjuration                  1
   b - Blink                          Translocation                2
   c - Call Imp                       Summoning                    2
   d - Slow                           Hexes                        2
   e - Conjure Flame                  Conjuration/Fire             3
   f - Mephitic Cloud                 Conjuration/Poison/Air       3
 L - a book of Party Tricks

   Spells                             Type                      Level
   a - Summon Butterflies             Summoning                    1
   b - Apportation                    Translocation                1
   c - Lesser Beckoning               Translocation                3
   d - Tukima's Dance                 Hexes                        3
   e - Alistair's Intoxication        Transmutation/Poison         5
   f - Invisibility                   Hexes                        6
 P - a manual of Axes
Comestibles
 b - 9 bread rations
 h - 4 meat rations
 o - 3 royal jellies
 q - 4 fruits


   Skills:
 + Level 4.9 Fighting
 + Level 6.7 Dodging
 + Level 4.6 Stealth
 + Level 12.9 Unarmed Combat
 + Level 0.5 Invocations


You had 10 spell levels left.
You didn't know any spells.

Dungeon Overview and Level Annotations

Branches:
Dungeon (12/15)            Temple (1/1) D:6            Lair (0/6) D:10
    Orc: D:9-12

Altars:
Ashenzari
Cheibriados
Dithmenos
Elyvilon
Fedhas
Gozag
Hepliaklqana
Kikubaaqudgha
Makhleb
Nemelex Xobeh
Okawaru
Qazlal
Ru
Sif Muna
Trog
Uskayaw
Vehumet
Xom
Yredelemnul
Zin
The Shining One

Shops:
D:5 :   D:9 [

Annotations:
D:10 bgiannan's ghost, journeyman MiFi


Innate Abilities, Weirdness & Mutations

You are too large for most types of armour.
You have claws for hands.
Your metabolism is lightning-fast.
You like to eat raw meat.
Your natural rate of healing is unusually fast.
You are covered in fur. (AC +1)
You have very tough skin. (AC +2)


Message History

* * * LOW HITPOINT WARNING * * *
You claw the cyan ugly thing!
The cyan ugly thing is heavily wounded.
The orc hits you but does no damage.
The cyan ugly thing claws you but does no damage.
You closely miss the cyan ugly thing.
The cyan ugly thing is heavily wounded.
The orc closely misses you.
You claw the orc!
You kill the orc!
Okawaru accepts your kill. The cyan ugly thing barely misses you.
You scratch the orc but do no damage. The orc barely misses you.
The cyan ugly thing claws you.
* * * LOW HITPOINT WARNING * * *
The cyan ugly thing shocks you!
* * * LOW HITPOINT WARNING * * *
Okay, then.
The cyan ugly thing claws you!
You die...

#..... #.... #####... #
#......#
..##############......#
.....................#
.........<...........#
##................##
#.....ou@.......>#
#...##+##........+
#####.).#...#........#
#.....†.#...#........#
#.......#...#..........(
#.......#'###.?.........
#........................
#......))....?.......(...
#............#######....


You could see a cyan ugly thing and an orc.

Vanquished Creatures
  A minotaur (Lab)
  2 two-headed ogres
  The ghost of gobwax the Arsonist, a novice OpFE of Vehumet (D:8)
  Pikel (D:5)
  A manticore (D:12)
  The ghost of vineage the Chopper, a novice DsGl (D:6)
  A spriggan (D:8)
  5 yaks
  2 shadows (Lab)
  2 hungry ghosts (Lab)
  An ice beast (D:9)
  2 sky beasts
  3 phantoms
  A black bear (D:7)
  2 ogres
  3 centaurs
  7 bullfrogs
  A water moccasin skeleton (D:11)
  3 scorpions
  5 wights (D:7)
  4 howler monkeys
  2 crimson imps
  A quasit (D:6)
  A bullfrog zombie (D:8)
  3 orc priests
  5 hounds
  4 jellies
  6 orc wizards
  2 bullfrog skeletons
  2 centaur skeletons
  4 iguanas
  6 worker ants
  A killer bee zombie (D:9)
  8 gnolls
  9 adders
  2 shadow imps
  2 oozes
  2 adder skeletons
  An adder zombie (D:8)
  3 worms
  A dart slug (D:5)
  7 leopard geckos
  25 orcs
  4 ball pythons
  10 bats
  8 giant cockroaches
  8 goblins
  4 hobgoblins
  7 jackals
  8 quokkas
  A ball python skeleton (D:4)
  12 frilled lizards
  8 kobolds
  A quokka zombie (D:5)
  8 rats
225 creatures vanquished.

Vanquished Creatures (others)
  A jelly (D:5)
  A frilled lizard (D:5)
2 creatures vanquished.

Grand Total: 227 creatures vanquished

Notes
Turn   | Place    | Note
-------+----------+-------------------------------------------
     0 | D:1      | galech the Troll Monk began the quest for the Orb.
     0 | D:1      | Reached XP level 1. HP: 22/22 MP: 0/0
   231 | D:1      | Reached XP level 2. HP: 27/29 MP: 1/1
   697 | D:2      | Reached XP level 3. HP: 25/36 MP: 2/2
  1351 | D:3      | Reached XP level 4. HP: 44/44 MP: 3/3
  1411 | D:3      | Reached skill level 4 in Unarmed Combat
  2180 | D:4      | Reached XP level 5. HP: 35/52 MP: 4/4
  2225 | D:4      | Found a glowing drain.
  2229 | Sewer    | Entered a sewer
  2666 | D:4      | Reached skill level 5 in Unarmed Combat
  2666 | D:4      | Reached XP level 6. HP: 51/59 MP: 5/5
  2751 | D:4      | Found a sacrificial altar of Ru.
  3019 | D:4      | Reached skill level 6 in Unarmed Combat
  3019 | D:4      | Reached XP level 7. HP: 49/67 MP: 6/6
  3211 | D:5      | Entered Level 5 of the Dungeon
  3217 | D:5      | Noticed Pikel
  3236 | D:5      | Killed Pikel
  3236 | D:5      | Reached skill level 7 in Unarmed Combat
  3236 | D:5      | Reached XP level 8. HP: 61/75 MP: 7/7
  3571 | D:5      | Reached skill level 8 in Unarmed Combat
  3820 | D:5      | Found Ejim's Book Emporium.
  3923 | D:6      | Noticed vineage's ghost (novice DsGl)
  3932 | D:6      | Killed vineage's ghost
  3932 | D:6      | Reached skill level 5 in Dodging
  4077 | D:6      | Found a sparkling altar of Nemelex Xobeh.
  4077 | D:6      | Found a white marble altar of Elyvilon.
  4082 | D:6      | Found a hazy altar of Hepliaklqana.
  4146 | D:6      | Reached skill level 9 in Unarmed Combat
  4199 | D:6      | Found a staircase to the Ecumenical Temple.
  4208 | Temple   | Entered the Ecumenical Temple
  4266 | Temple   | Became a worshipper of Warmaster Okawaru
  4266 | Temple   | Reached * piety under Okawaru
  4266 | Temple   | Reached ** piety under Okawaru
  4457 | D:6      | You fall through a shaft for 3 floors!
  4474 | D:9      | Reached XP level 9. HP: 58/84 MP: 8/8
  4567 | D:8      | Noticed gobwax's ghost (novice OpFE)
  4752 | D:6      | Found a glowing golden altar of the Shining One.
  5643 | D:7      | Got a steaming flail
  5644 | D:7      | Identified the +9 flail "Joifucs" {distort, +Blink rElec Str+4} (You found it on level 7 of the Dungeon)
  5802 | D:8      | Reached *** piety under Okawaru
  5802 | D:8      | Reached skill level 10 in Unarmed Combat
  5818 | D:8      | Killed gobwax's ghost
  6945 | D:9      | Reached **** piety under Okawaru
  6945 | D:9      | Reached XP level 10. HP: 86/92 MP: 9/9
  6951 | D:8      | Reached skill level 11 in Unarmed Combat
  7041 | D:9      | Found Lulam's Antique Armour Emporium.
  7449 | D:9      | Noticed a two-headed ogre
  7454 | D:9      | Killed a two-headed ogre
  7454 | D:9      | Reached ***** piety under Okawaru
  7659 | D:10     | Entered Level 10 of the Dungeon
  7754 | D:10     | Noticed a two-headed ogre
  7761 | D:10     | Killed a two-headed ogre
  7761 | D:10     | Reached skill level 12 in Unarmed Combat
  7936 | D:10     | Found a staircase to the Lair.
  7957 | D:10     | Received a gift from Okawaru
  8107 | D:12     | Found a labyrinth entrance.
  8111 | D:12     | Noticed a manticore
  8116 | Lab      | Entered a labyrinth
  9885 | Lab      | Noticed a minotaur
  9892 | Lab      | Killed a minotaur
  9892 | Lab      | Reached XP level 11. HP: 49/101 MP: 10/10
 10306 | D:10     | Noticed bgiannan's ghost (journeyman MiFi)
 10545 | D:10     | HP: 3/101 [something (5)]
 10700 | D:11     | Noticed a cyan ugly thing
 10726 | D:11     | Slain by a cyan ugly thing

Skill      XL: |  1  2  3  4  5  6  7  8  9 10 |
---------------+-------------------------------+-----
Unarmed Combat | 4 5 6 7 9 10 12 | 12.9
Dodging        | 3 4 5 6 |  6.7
Stealth        | 2 3 4 |  4.6
Fighting       | 3 4 |  4.9
Invocations    | |  0.5

Action                   |  1- 3 |  4- 6 |  7- 9 | 10-12 || total
-------------------------+-------+-------+-------+-------++-------
Melee: Unarmed           |   114 |   156 |   246 |   160 ||   676
       Punch             |       |     1 |    10 |    12 ||    23
Invok: Heroism           |       |       |     1 |     2 ||     3
  Use: Scroll            |       |     8 |     5 |     4 ||    17
 Stab: Sleeping          |     7 |     1 |     8 |     7 ||    23
  Eat: Chunk             |    17 |    17 |    30 |    21 ||    85
       Bread ration      |       |       |       |     4 ||     4
Armor: Robe              |    38 |    50 |    46 |    34 ||   168
Dodge: Dodged            |    55 |    75 |   105 |    82 ||   317
